 Dungeon Crawl Stone Soup version 0.32-a0-931-g5a2cda0630 (webtiles) character file.

Game seed: 18283367869205090220

1680 Stellion the Shield-Bearer (level 9, -1/65 HPs)
             Began as a Gnoll Fighter on Apr 14, 2024.
             Was a Believer of Hepliaklqana.
             Slain by an ogre
             ... wielding a +0 giant club
              (31 damage)
             ... on level 6 of the Dungeon.
             The game lasted 00:12:20 (3776 turns).

Stellion the Shield-Bearer (Gnoll Fighter)          Turns: 3776, Time: 00:12:21

Health: -1/65      AC: 10    Str: 16    XL:     9   Next: 2%
Magic:  14/14      EV:  8    Int: 12    God:    Hepliaklqana [**....]
Gold:   142        SH: 14    Dex: 11    Spells: 7/15 levels left

rFire   . . .        r - +5 long sword (venom)
rCold   . . .        i - +0 tower shield
rNeg    . . .        y - +2 troll leather armour {Pargi}
rPois   .            e - +0 helmet
rElec   .            (no cloak)
rCorr   +            (no gloves)
SInv    .            C - +2 pair of boots
Will    .....        n - amulet of the acrobat
Stlth   ++           k - ring of resist corrosion
HPRegen 1.10/turn    (no ring)
MPRegen 0.14/turn

%: acrobat
@: no status effects
A: reduced essence, fangs 1, strong nose, distributed training
a: Renounce Religion, Recall Ancestor, Ancestor Identity


You were on level 6 of the Dungeon.
You worshipped Hepliaklqana.
Hepliaklqana was pleased with you.
You visited 2 branches of the dungeon, and saw 7 of its levels.
You also visited: Sewer.

You collected 317 gold pieces.
You spent 175 gold pieces at shops.

Inventory:

Hand Weapons
 a - a +1 short sword of venom
 h - a +0 long sword
 r - a +5 long sword of venom (weapon)
 z - a +5 dagger of venom
Missiles
 u - a throwing net
 x - 6 poisoned darts (quivered)
Armour
 b - a +2 ring mail of cold resistance
 e - a +0 helmet (worn)
 i - a +0 tower shield (worn)
 y - a +2 troll leather armour (worn) {Pargi}
 C - a +2 pair of boots (worn)
Jewellery
 c - a ring of see invisible
 f - a ring of fire
 k - a ring of resist corrosion (left hand)
 n - an amulet of the acrobat (around neck)
Talismans
 p - a blade talisman
Wands
 w - a wand of paralysis (2)
Scrolls
 g - a scroll of teleportation
 m - a scroll of fog
 q - a scroll of fear
Potions
 d - 3 potions of might
 j - 2 potions of magic
 l - a potion of ambrosia
 o - a potion of attraction {unknown}
 s - a potion of degeneration {unknown}
 t - 3 potions of heal wounds
 v - a potion of mutation {unknown}
 A - 2 potions of cancellation
 B - a potion of resistance {unknown}


   Skills:
 + Level 7.7 Fighting
 + Level 3.9 Short Blades
 + Level 3.9 Long Blades
 + Level 6.1 Axes
 + Level 3.9 Maces & Flails
 + Level 3.9 Polearms
 + Level 3.9 Staves
 + Level 3.9 Ranged Weapons
 + Level 3.9 Throwing
 + Level 7.7 Armour
 + Level 3.9 Dodging
 + Level 3.9 Stealth
 + Level 7.7 Shields
 + Level 3.9 Unarmed Combat
 + Level 3.9 Spellcasting
 + Level 3.2 Conjurations
 + Level 3.2 Hexes
 + Level 3.2 Summonings
 + Level 3.2 Necromancy
 + Level 3.2 Translocations
 + Level 3.2 Fire Magic
 + Level 3.2 Ice Magic
 + Level 3.2 Air Magic
 + Level 3.2 Earth Magic
 + Level 3.2 Alchemy
 + Level 4.3 Invocations
 + Level 3.9 Evocations
 + Level 3.5 Shapeshifting


You had 7 spell levels left.
You knew the following spells:

 Your Spells              Type           Power      Damage    Failure   Level
a - Magic Dart            Conj           40%        1d5       45%         1
b - Mephitic Cloud        Conj/Alch/Air  10%        N/A       83%         3
c - Sticky Flame          Fire/Alch      10%        2d5       99%         4

Your spell library contained the following spells:

 Spells                   Type           Power      Damage    Failure   Level
 Shock                    Conj/Air       40%        1d5       45%         1
 Blink                    Tloc           20%        N/A       61%         2
 Call Imp                 Summ           20%        N/A       61%         2
 Dazzling Flash           Conj/Hex       20%        N/A       83%         3
 Swiftness                Air            10%        N/A       83%         3
 Airstrike                Air            5%         2d(1-17)  99%         4
 Ignite Poison            Fire/Alch      10%        N/A       99%         4
 Curse of Agony           Necr           10%        N/A       100%        5
 Silence                  Hex/Air        5%         N/A       100%        5
 Ignition                 Fire           5%         3d4       100%        8


Dungeon Overview and Level Annotations

Branches:
Dungeon (6/15)             Temple (1/1) D:5           Sewer (visited)

Altars:
Ashenzari
Cheibriados
Dithmenos
Elyvilon
Gozag
Hepliaklqana
Kikubaaqudgha
Makhleb
Nemelex Xobeh
Okawaru
Qazlal
Ru
Trog
Uskayaw
Vehumet
Wu Jian
Xom
Yredelemnul
Zin
The Shining One

Shops:
D:1 (


Innate Abilities, Weirdness & Mutations

Your life essence is reduced to manifest your ancestor. (-10% HP)
You have very sharp teeth.
Your uncanny sense of smell can sniff out nearby items.
Your experience applies equally to all skills.


Message History

You block the orc's attack. You block the gnoll bouda's attack.
You slash the gnoll bouda!
The gnoll bouda is poisoned.
The gnoll bouda is moderately wounded.
Something hits Kiyv!!
Kiyv is destroyed!
You block the orc's attack. You block the gnoll bouda's attack.
You slash the gnoll bouda!
The gnoll bouda is severely wounded.
You block the gnoll bouda's attack. You block the orc's attack.
The gnoll bouda barely misses you. The orc hits you but does no damage.
You block the orc's attack. You block the ogre's attack.
You barely miss the gnoll bouda.
The gnoll bouda is almost dead.
You kill the gnoll bouda!
The orc barely misses you. You block the orc's attack.
The ogre hits you with a +0 giant club!!
You have reached level 9!
Your experience leads to an increase in your attributes!
Increase (S)trength, (I)ntelligence, or (D)exterity?
You feel clever. x2
You hit the orc.
The orc is poisoned.
You bite the orc, but do no damage.
The orc is heavily wounded.
You kill the orc!
The orc hits you with a +0 club. The ogre barely misses you.
You block the orc's attack.
You hit the orc.
The orc is poisoned.
You bite the orc.
The orc is heavily wounded.
The orc hits you but does no damage. You block the orc's attack.
The ogre hits you with a +0 giant club!
You slash the orc!
You kill the orc!
The orc hits you with a +0 club. The ogre barely misses you.
The orc hits you but does no damage.
You slash the orc!
You kill the orc!
You block the ogre's attack.
You barely miss the ogre.
The ogre hits you with a +0 giant club!!
You die...
Hepliaklqana delivers you to your ancestors.

#..###.....##
#...#.......##.
..............
........... .##
..........##..###.
|....$............
......)))......... ..
#@##....o... ...
..#####O.)......o
...##O..R)##........ !
....)..........>... ..
#......≈≈...#.....#
...#..##).≈≈...#.....#
#...##........#.....
#.............#.#...
#......_..♣♣..# ##..


You could see an ogre.

Vanquished Creatures
  Sigmund (D:3)
  Pargi (Sewer)
  A centaur (D:6)
  A phantom (D:4)
  2 scorpions
  Dowan (D:5)
  A jelly (D:6)
  A gnoll bouda (D:6)
  2 orc priests (D:5)
  An iguana (D:5)
  Jessica (D:3)
  Ijyb (D:5)
  Terence (D:2)
  2 orc wizards (D:5)
  4 gnolls (D:6)
  3 adders
  2 ribbon worms
  A dart slug (D:1)
  17 orcs
  2 bats
  5 endoplasms
  A giant cockroach (D:1)
  9 goblins
  5 hobgoblins
  5 jackals
  3 quokkas
  8 ball pythons
  3 frilled lizards
  4 kobolds
  7 rats
96 creatures vanquished.

Vanquished Creatures (collateral kills)
  A hornet (D:5)
  Duvessa (D:5)
  A phantom (D:5)
  A scorpion (D:5)
  A brain worm (Sewer)
  A gnoll bouda (D:6)
  An orc priest (D:6)
  2 iguanas (D:6)
  An orc wizard (D:6)
  2 gnolls (D:6)
  A ribbon worm (D:4)
  6 orcs
  A giant cockroach (D:4)
  A quokka (D:4)
  A ball python (Sewer)
  2 frilled lizards (Sewer)
24 creatures vanquished.

Vanquished Creatures (others)
  A battlemage (D:6)
  An ancestor (D:4)
2 creatures vanquished.

Grand Total: 122 creatures vanquished

Notes
Turn   | Place    | Note
-------+----------+-------------------------------------------
     0 | D:1      | Stellion the Gnoll Fighter began the quest for the Orb.
     0 | D:1      | Reached XP level 1. HP: 23/23 MP: 1/1
   113 | D:1      | Reached XP level 2. HP: 29/29 MP: 2/2
   602 | D:1      | Found Xyza's Antique Weapon Boutique.
   721 | D:2      | Reached XP level 3. HP: 35/35 MP: 3/3
   829 | D:2      | Found a hazy altar of Hepliaklqana.
   846 | D:2      | Reached skill level 1 in Invocations
   846 | D:2      | Became a worshipper of Hepliaklqana the Forgotten
   859 | D:2      | Noticed Terence
   878 | D:2      | Killed Terence
   879 | D:2      | Reached skill level 1 in Short Blades
   879 | D:2      | Reached skill level 1 in Long Blades
   879 | D:2      | Reached skill level 1 in Maces & Flails
   879 | D:2      | Reached skill level 1 in Polearms
   879 | D:2      | Reached skill level 1 in Staves
   879 | D:2      | Reached skill level 1 in Ranged Weapons
   879 | D:2      | Reached skill level 1 in Throwing
   879 | D:2      | Reached skill level 1 in Dodging
   879 | D:2      | Reached skill level 1 in Stealth
   879 | D:2      | Reached skill level 1 in Unarmed Combat
   879 | D:2      | Reached skill level 1 in Spellcasting
   879 | D:2      | Reached skill level 1 in Evocations
   879 | D:2      | Reached skill level 1 in Shapeshifting
   879 | D:2      | Reached XP level 4. HP: 28/41 MP: 5/5
  1453 | D:1      | Bought a glowing long sword for 175 gold pieces
  1483 | D:3      | Noticed Jessica
  1500 | D:3      | Killed Jessica
  1501 | D:3      | Reached skill level 1 in Conjurations
  1501 | D:3      | Reached skill level 1 in Hexes
  1501 | D:3      | Reached skill level 1 in Summonings
  1501 | D:3      | Reached skill level 1 in Necromancy
  1501 | D:3      | Reached skill level 1 in Translocations
  1501 | D:3      | Reached skill level 1 in Fire Magic
  1501 | D:3      | Reached skill level 1 in Ice Magic
  1501 | D:3      | Reached skill level 1 in Air Magic
  1501 | D:3      | Reached skill level 1 in Earth Magic
  1501 | D:3      | Reached skill level 1 in Alchemy
  1715 | D:3      | Reached XP level 5. HP: 47/47 MP: 7/7
  1768 | D:3      | Noticed Sigmund
  1782 | D:3      | Killed Sigmund
  1783 | D:3      | Reached skill level 5 in Axes
  1783 | D:3      | Reached XP level 6. HP: 52/53 MP: 7/9
  1832 | D:3      | Found a hazy altar of Hepliaklqana.
  2252 | D:4      | Reached * piety under Hepliaklqana
  2511 | D:4      | Found a glowing drain.
  2520 | Sewer    | Entered a sewer
  2523 | Sewer    | Reached XP level 7. HP: 46/54 MP: 8/10
  2560 | Sewer    | Noticed Pargi
  2569 | Sewer    | Killed Pargi
  2806 | D:4      | Learned a level 1 spell: Magic Dart
  2810 | D:4      | Learned a level 3 spell: Mephitic Cloud
  2815 | D:4      | Learned a level 4 spell: Sticky Flame
  2980 | D:5      | Entered Level 5 of the Dungeon
  2980 | D:5      | Noticed Duvessa
  2980 | D:5      | Noticed Dowan
  2984 | D:5      | Killed Duvessa
  2990 | D:5      | Killed Dowan
  3065 | D:5      | Found a glowing golden altar of the Shining One.
  3065 | D:5      | Found a burning altar of Makhleb.
  3072 | D:5      | Found a radiant altar of Vehumet.
  3074 | D:5      | Found a sacrificial altar of Ru.
  3075 | D:5      | Found a shadowy altar of Dithmenos.
  3127 | D:5      | Noticed Ijyb
  3132 | D:5      | Paralysed by Ijyb for 3 turns
  3140 | D:5      | Killed Ijyb
  3147 | D:5      | Found a staircase to the Ecumenical Temple.
  3186 | Temple   | Entered the Ecumenical Temple
  3308 | D:5      | Reached XP level 8. HP: 50/60 MP: 12/12
  3458 | D:5      | Noticed a hornet
  3463 | D:5      | Killed a hornet
  3484 | D:5      | Reached ** piety under Hepliaklqana
  3485 | D:5      | Remembered your ancestor Kiyv as a battlemage
  3735 | D:6      | Found an ornate altar of the Wu Jian Council.
  3772 | D:6      | Reached XP level 9. HP: 42/65 MP: 14/14
  3776 | D:6      | Slain by an ogre

Illustrated notes

Levels and vault maps discovered:
D:1:      dpeg_arrival_refuge, layout_basic, serial_shops, shop
D:2:      layout_basic, basic_altar, uniq_terence
D:3:      layout_basic, nicolae_hepliaklqana_hazy_memory, uniq_jessica,
          uniq_sigmund
D:4:      layout_gridville, gup_sewer_entry_bubbles
D:5:      layout_gridville, chequers_temple_overflow_minitemple,
          minmay_temple_entry_statues, uniq_ijyb, uniq_duvessa
D:6:      layout_cave_pools, nicolae_wu_jian_wuxing_cycle, serial_undead,
          serial_undead_c, serial_undead_e, serial_undead_b, serial_undead_d,
          uniq_edmund
Temple:   cyrus_circular_temple

Skill      XL: |  1  2  3  4  5  6  7  8 |
---------------+-------------------------+-----
Invocations    | 1 2 3 4 |  4.3
Short Blades   | 1 2 3 |  3.9
Long Blades    | 1 2 3 |  3.9
Maces & Flails | 1 2 3 |  3.9
Polearms       | 1 2 3 |  3.9
Staves         | 1 2 3 |  3.9
Ranged Weapons | 1 2 3 |  3.9
Throwing       | 1 2 3 |  3.9
Dodging        | 1 2 3 |  3.9
Stealth        | 1 2 3 |  3.9
Unarmed Combat | 1 2 3 |  3.9
Spellcasting   | 1 2 3 |  3.9
Evocations     | 1 2 3 |  3.9
Shapeshifting  | 1 2 3 |  3.5
Conjurations   | 1 2 3 |  3.2
Hexes          | 1 2 3 |  3.2
Summonings     | 1 2 3 |  3.2
Necromancy     | 1 2 3 |  3.2
Translocations | 1 2 3 |  3.2
Fire Magic     | 1 2 3 |  3.2
Ice Magic      | 1 2 3 |  3.2
Air Magic      | 1 2 3 |  3.2
Earth Magic    | 1 2 3 |  3.2
Alchemy        | 1 2 3 |  3.2
Axes           | 5 6 |  6.1
Fighting       | 7 |  7.7
Armour         | 7 |  7.7
Shields        | 7 |  7.7

Action                     |  1- 3 |  4- 6 |  7- 9 || total
---------------------------+-------+-------+-------++-------
  Melee: War axe           |    71 |    16 |       ||    87
         Bite              |     6 |    11 |    12 ||    29
         Long sword        |       |    80 |   100 ||   180
 Invoke: Ancestor Life: Ba |       |       |     1 ||     1
    Use: Scroll            |       |     5 |     9 ||    14
         Potion            |       |       |     1 ||     1
   Stab: Sleeping          |       |       |     2 ||     2
         Distracted        |       |       |     1 ||     1
 Armour: Scale mail        |    42 |     7 |       ||    49
         Chain mail        |       |    41 |    19 ||    60
         Troll leather arm |       |       |    59 ||    59
  Dodge: Dodged            |    18 |    17 |    38 ||    73
  Block: Buckler           |     6 |       |       ||     6
         Tower shield      |    42 |    82 |   115 ||   239

Table legend: (Time is in decaauts)
 A = Elapsed time spent in this place.
 B = Non-inter-level travel time spent in this place.
 C = Inter-level travel time spent in this place.
 D = Time resting spent in this place.
 E = Time spent auto-exploring this place.
 F = Levels seen in this place.
 G = Mean time per level.
                   A        B        C        D        E       F      G
               +--------+--------+--------+--------+--------+-----+--------+
         Total |   3989 |   3840 |    149 |      7 |   2379 |   8 |  498.6 |
       Dungeon |   3733 |   3584 |    149 |      7 |   2236 |   6 |  622.2 |
        Temple |     13 |     13 |      0 |      0 |      0 |   1 |   13.0 |
         Sewer |    241 |    241 |      0 |      0 |    143 |   1 |  241.0 |
               +--------+--------+--------+--------+--------+-----+--------+

Top non-repeatable levels by time:
     D:3: 808 daAuts
     D:2: 787 daAuts
     D:5: 734 daAuts
     D:1: 731 daAuts
     D:4: 578 daAuts
   Sewer: 241 daAuts
     D:6: 92 daAuts
  Temple: 13 daAuts
